 Dungeon Crawl Stone Soup version 0.30.1-9-gdf580d7c3d (webtiles) character file.

Game seed: 8712871510806284732

164034 safid the Spry (level 17, 0/148 HPs)
             Began as a Merfolk Ice Elementalist on Oct 4, 2023.
             Was the Champion of Vehumet.
             Engulfed by a cloud of thunder (12 damage)
             ... on level 4 of the Swamp.
             The game lasted 01:21:18 (32670 turns).

safid the Spry (Merfolk Ice Elementalist)          Turns: 32670, Time: 01:21:19

Health: 0/148      AC: 16    Str:  9    XL:     17   Next: 84%
Magic:  11/29      EV: 20    Int: 28    God:    Vehumet [******]
Gold:   901        SH:  7    Dex: 14    Spells: 5/32 levels left

rFire   . . .        A - +6 dagger of Apse {flame, rElec rN+ Stlth+}
rCold   . . .        M - +2 buckler {reflect}
rNeg    + . .        x - +2 robe {Archmagi}
rPois   .            q - +2 helmet
rElec   +            l - +2 cloak
rCorr   +            B - +2 pair of gloves
SInv    .            y - +2 pair of boots
Will    +....        (no amulet)
Stlth   +            N - ring of resist corrosion
HPRegen 0.44/turn    s - +6 ring of intelligence
MPRegen 0.21/turn

%: reflection, archmagi
@: contaminated, glowing, studying Dodging
A: (nimble swimmer 2), mertail, inability to drink after injury 1
a: Renounce Religion


You were on level 4 of the Swamp.
You worshipped Vehumet.
Vehumet was exalted by your worship.
You visited 5 branches of the dungeon, and saw 27 of its levels.
You also visited: Ossuary.

You collected 3325 gold pieces.
You spent 2424 gold pieces at shops.

Inventory:

Hand Weapons
 k - a +9 vampiric demon blade
 A - the +6 dagger of Apse (weapon) {flame, rElec rN+ Stlth+}
   (You found it on level 3 of the Dungeon)

   rElec:     It insulates you from electricity.
   rN:        It protects you from negative energy.
   Stlth:     It makes you more stealthy.
Missiles
 L - 5 throwing nets
Armour
 l - a +2 cloak (worn)
 q - a +2 helmet (worn)
 x - a +2 robe of the Archmagi (worn)
 y - a +2 pair of boots (worn)
 B - a +2 pair of gloves (worn)
 M - a +2 buckler of reflection (worn)
Jewellery
 s - a +6 ring of intelligence (right hand)
 I - a ring of ice
 N - a ring of resist corrosion (left hand)
Wands
 g - a wand of roots (13)
 o - a wand of paralysis (8)
 r - a wand of polymorph (15)
 D - a wand of flame (55)
 E - a wand of light (9)
 K - a wand of mindburst (14)
 O - a wand of digging (12)
Scrolls
 a - 8 scrolls of identify
 c - 2 scrolls of silence
 e - a scroll of brand weapon
 f - 2 scrolls of fog
 i - 14 scrolls of teleportation
 j - 4 scrolls of amnesia
 p - 11 scrolls of magic mapping
 u - 7 scrolls of fear
 F - 3 scrolls of blinking
 P - a scroll of summoning
Potions
 b - 5 potions of magic
 d - 5 potions of flight
 h - 5 potions of haste
 m - 2 potions of berserk rage
 n - 3 potions of invisibility
 t - 3 potions of brilliance
 v - 11 potions of heal wounds
 w - 4 potions of might
 z - 23 potions of curing
 C - 3 potions of mutation
 G - 4 potions of ambrosia
 H - 2 potions of lignification
Miscellaneous
 J - a condenser vane


   Skills:
 + Level 17.4 Fighting
 - Level 14.0 Long Blades
 - Level 18.0 Dodging
 - Level 2.1 Stealth
 - Level 6.0 Shields
 - Level 8.0 Spellcasting
 - Level 6.0 Conjurations
 - Level 12.0 Transmutations
 + Level 17.1 Ice Magic


You had 5 spell levels left.
You knew the following spells:

 Your Spells              Type           Power      Damage    Failure   Level
a - Irradiate             Conj/Tmut      37%        3d24      1%          5
b - Frozen Ramparts       Ice            100%       1d16      0%          3
c - Ozocubu's Armour      Ice            100%       N/A       1%          3
d - Hailstorm             Conj/Ice       85%        3d17      1%          3
e - Ozocubu's Refrigerat  Ice            51%        4d18      1%          7
f - Freeze                Ice            100%       1d10      0%          1
g - Freezing Cloud        Conj/Ice/Air   34%        6-21      2%          5

Your spell library contained the following spells:

 Spells                   Type           Power      Damage    Failure   Level
 Beastly Appendage        Tmut           100%       N/A       1%          1
 Foxfire                  Conj/Fire      100%       2x1d9     1%          1
 Shock                    Conj/Air       100%       1d9       1%          1
 Wereblood                Tmut           87%        N/A       1%          2
 Spider Form              Tmut/Pois      61%        N/A       1%          3
 Ice Form                 Ice/Tmut       95%        N/A       1%          4
 Summon Ice Beast         Ice/Summ       73%        N/A       1%          4
 Blade Hands              Tmut           43%        N/A       1%          5
 Petrify                  Tmut/Erth      61%        N/A       6%          4
 Summon Small Mammal      Summ           64%        N/A       7%          1
 Sublimation of Blood     Necr           16%        N/A       11%         2
 Arcjolt                  Conj/Air       21%        1d31      16%         5
 Fireball                 Conj/Fire      21%        3d10      16%         5
 Airstrike                Air            8%         2d(2-18)  17%         4
 Call Canine Familiar     Summ           16%        N/A       21%         3
 Summon Guardian Golem    Hex/Summ       16%        N/A       21%         3
 Swiftness                Air            16%        N/A       21%         3
 Vhi's Electric Charge    Tloc/Air       32%        N/A       21%         3
 Animate Armour           Summ/Erth      32%        N/A       56%         4
 Summon Lightning Spire   Summ/Air       16%        N/A       56%         4
 Summon Forest            Summ/Tloc      8%         N/A       88%         5
 Eringya's Noxious Bog    Tmut/Pois      30%        N/A       22%         6
 Iron Shot                Conj/Erth      21%        9d5       58%         6
 Starburst                Conj/Fire      21%        6d7       58%         6
 Plasma Beam              Fire/Air       8%         2x1d20    92%         6
 Storm Form               Tmut/Air       30%        N/A       99%         7
 Summon Hydra             Summ           8%         N/A       100%        7
 Maxwell's Capacitive Co  Air            8%         ∞         100%        8


Dungeon Overview and Level Annotations

Branches:
Dungeon (15/15)            Temple (1/1) D:7            Lair (5/5) D:8
  Swamp (4/4) Lair:2       Spider (0/4) Lair:2        Slime (0/5) Lair:5
    Orc (2/2) D:11            Elf (0/3) Orc:2        Vaults (0/5) D:13
 Depths (0/4) D:15        Ossuary (visited)

Altars:
Ashenzari
Cheibriados
Dithmenos
Elyvilon
Fedhas
Gozag
Hepliaklqana
Kikubaaqudgha
Makhleb
Nemelex Xobeh
Okawaru
Qazlal
Ru
Sif Muna
Trog
Uskayaw
Vehumet
Wu Jian
Xom
Yredelemnul
Zin
The Shining One

Shops:
D:5 [(?   D:10 **?!   D:14 *   Orc:1 [!   Orc:2 ::(=*

Annotations:
D:5 Grinder
D:8 3 runed translucent doors, riellis1's ghost, novice FoFi
D:12 3 runed translucent doors, Drain's ghost, journeyman HOFi; Urug
D:13 exclusion: 4 ice statues
Lair:3 2 transporters, exclusion: ice statue, eliilek's ghost, journeyman MiFi
Lair:5 2 runed translucent doors


Innate Abilities, Weirdness & Mutations

((You are very nimble when in or above water. (Stealth+, EV+, Speed+++)))
Your lower body shifts to a powerful aquatic tail in water.
You occasionally lose the ability to drink potions when taking damage.


Message History

Bai Suzhen twists and deforms.
You are lightly contaminated with residual magic.
You are engulfed in a thunderstorm.
You resist. Bai Suzhen bites you. Bai Suzhen barely misses you.
Bai Suzhen tramples you but does no damage.
You are engulfed in a thunderstorm.
You resist.
* * * LOW HITPOINT WARNING * * *
Bai Suzhen bites you but does no damage.
Bai Suzhen closely misses you. Bai Suzhen completely misses you.
Unknown command.
Casting: Irradiate (mildly dangerous; 1% risk of failure)
Confirm with . or Enter, or press ? or * to list all spells.
You feel a surge of power!
You erupt in a fountain of uncontrolled magic!
Bai Suzhen is blasted with magical radiation!
Bai Suzhen is almost dead.
Bai Suzhen twists and deforms.
You are contaminated with residual magic.
Bai Suzhen breathes water at you. The torrent of water hits you!
* * * LOW HITPOINT WARNING * * *
You are knocked back by the torrent of water.
The wave splashes down.
You hear a shout!
You hear a roar! x2; You hear a deafening roar!
You hear a shout!
You hear a roar!
Unknown command.
Casting: Irradiate (mildly dangerous; 1% risk of failure)
Confirm with . or Enter, or press ? or * to list all spells.
You feel a surge of power!
You erupt in a fountain of uncontrolled magic!
Bai Suzhen is blasted with magical radiation!!!
You kill Bai Suzhen!
Vehumet accepts your kill.
You hear a splash.
The storm dragon scales {Bai Suzhen} are intact enough to wear.
The nine-headed hydra disappears in a puff of smoke!
You are engulfed in a thunderstorm.
You resist.
* * * LOW HITPOINT WARNING * * *
You are engulfed in a thunderstorm.
You resist.
You die...

♣♣♣ .~~♣ ♣♣~~.
...~♣ ♣♣...~
.~~♣♣♣ ♣.~~~~♣♣♣
~.♣~.♣~
♣.~~~..~♣♣♣!.~~.:.
♣~....~♣♣.~~~~~§~
♣♣♣.~~~@§§~~~~~~.
♣~~~~~~§[§~~~~§.~
♣♣♣♣.~†§~§~)~..~.
♣♣<~~~†)~~~♣..
♣~~~~.~♣~~.~.
..§~~~.[.≈♣[♣..
.~~~~.≈≈≈≈..♣ (
.~♣~...≈≈≈≈≈≈.
♣♣♣♣..≈≈≈≈≈...


There were no monsters in sight!

Vanquished Creatures
  Bai Suzhen (Swamp:4)
  Nikola (Swamp:4)
  Jorgrun (D:12)
  Kirke (D:12)
  A fenstrider witch (Swamp:2)
  An orc warlord (Orc:1)
  Louise (D:15)
  A very ugly thing (D:15)
  4 eleionomae
  2 bunyips
  Josephine (D:15)
  Fannar (D:10)
  A fire dragon (D:14)
  3 rakshasas (D:15)
  A shambling mangrove (Swamp:3)
  A great orb of eyes (D:15)
  6 hydras
  2 ghost crabs (Lair:2)
  6 centaur warriors
  A boulder beetle (D:15)
  A catoblepas (D:14)
  4 two-headed ogres (D:15)
  6 alligators
  2 tengu warriors (D:14)
  18 death yaks
  2 spriggan berserkers (Swamp:3)
  2 skysharks
  5 skeletal warriors (D:11)
  A swamp dragon (Swamp:2)
  3 goliath frogs
  A spriggan druid (Swamp:1)
  A bog body (Swamp:1)
  2 lindwurms (Lair:5)
  2 orc sorcerers
  11 ugly things
  3 deep elf pyromancers
  2 will-o-the-wisps
  5 cyclopes
  10 orc knights
  4 manticores
  6 black mambas
  2 vault sentinels (D:7)
  A water nymph (shapeshifter) (D:13)
  3 molten gargoyles (Lair:5)
  9 cane toads
  2 gargoyles
  2 unseen horrors
  A freezing wraith (D:13)
  7 komodo dragons
  8 yaktaurs (D:15)
  2 rime drakes
  7 trolls
  8 hornets
  2 meliai (shapeshifter)
  A bloated husk (Swamp:2)
  3 polar bears (Lair:4)
  4 tyrant leeches
  Prince Ribbit (D:8)
  A spectral elephant (Lair:2)
  12 blink frogs
  6 dream sheep (Lair:4)
  A jumping spider (Lair:2)
  22 slime creatures
  5 culicivoras (Lair:2)
  2 shadows
  2 vampires (D:9)
  7 spriggans
  A water elemental (D:13)
  8 wraiths
  7 wyverns
  6 hogs (D:12)
  56 yaks
  7 basilisks
  A redback (Lair:2)
  3 steam dragons
  10 vampire mosquitoes
  12 swamp worms
  A spectral cane toad (Lair:2)
  7 wargs (Orc:2)
  2 acid dragons
  3 hell hounds (Lair:5)
  Duvessa (D:5)
  9 water moccasins
  A spectral yak (Lair:2)
  46 orc warriors
  3 sky beasts
  2 swamp drakes (Swamp:2)
  17 ice beasts
  2 black bears
  12 ogres
  4 wolves (Lair:3)
  6 centaurs
  A spectral basilisk (Lair:2)
  4 kobold brigands
  15 bullfrogs
  2 gnoll sergeants
  3 scorpions
  9 wights
  Dowan (D:5)
  6 killer bees (D:9)
  7 electric eels
  8 howler monkeys
  4 lava snakes (Lair:5)
  2 gnoll boudas
  A human zombie (Ossuary)
  2 jellies
  3 hounds
  3 iguanas
  8 orc priests
  4 sleepcaps
  16 orc wizards
  3 mummies (Ossuary)
  Robin (D:2)
  7 adders
  9 gnolls
  An ufetubus (D:7)
  An adder zombie (Ossuary)
  2 worms
  2 dart slugs
  75 orcs
  8 endoplasms
  3 giant cockroaches
  3 gnoll zombies (Ossuary)
  6 hobgoblins
  3 jackals (D:3)
  4 quokkas
  7 ball pythons
  A bat (D:3)
  4 frilled lizards
  13 goblins
  5 goblin zombies (Ossuary)
  16 kobolds
  3 kobold zombies (Ossuary)
  An orc zombie (Ossuary)
  4 quokka zombies (Ossuary)
  5 rats
762 creatures vanquished.

Vanquished Creatures (others)
  An ogre mage (D:15)
  A bloated husk (Swamp:1)
  6 foxfires
8 creatures vanquished.

Grand Total: 770 creatures vanquished

Notes
Turn   | Place    | Note
-------+----------+-------------------------------------------
     0 | D:1      | safid the Merfolk Ice Elementalist began the quest for the
                  | Orb.
     0 | D:1      | Reached XP level 1. HP: 13/13 MP: 3/3
   412 | D:1      | Reached XP level 2. HP: 20/20 MP: 3/5
   415 | D:1      | Reached skill level 1 in Fighting
   937 | D:2      | Reached XP level 3. HP: 26/26 MP: 6/6
   941 | D:2      | Learned a level 3 spell: Frozen Ramparts
   946 | D:2      | Found an ancient bone altar of Kikubaaqudgha.
  1141 | D:2      | Noticed Robin
  1180 | D:2      | Reached skill level 5 in Ice Magic
  1185 | D:2      | Killed Robin
  1186 | D:2      | Reached XP level 4. HP: 24/33 MP: 0/8
  1877 | D:3      | Identified the +6 dagger of Apse {flame, rElec rN+ Stlth+}
  2183 | D:4      | Noticed an ogre
  2207 | D:4      | Killed an ogre
  2208 | D:4      | Reached XP level 5. HP: 3/41 MP: 4/10
  2920 | D:4      | Reached XP level 6. HP: 43/47 MP: 7/11
  2977 | D:4      | Learned a level 3 spell: Ozocubu's Armour
  3221 | D:5      | Entered Level 5 of the Dungeon
  3556 | D:5      | Found Plog's Magic Scroll Emporium.
  3569 | D:5      | Reached XP level 7. HP: 52/54 MP: 13/13
  3580 | D:5      | Bought a scroll of fear for 56 gold pieces
  3580 | D:5      | Bought a scroll of identify for 28 gold pieces
  3580 | D:5      | Bought a scroll of identify for 28 gold pieces
  3580 | D:5      | Bought a scroll of teleportation for 42 gold pieces
  3762 | D:5      | Noticed Dowan
  3765 | D:5      | Noticed Duvessa
  3778 | D:5      | Found Borghon's Weapon Shoppe.
  4029 | D:5      | Killed Dowan
  4121 | D:5      | Killed Duvessa
  4122 | D:5      | Reached skill level 5 in Fighting
  4267 | D:5      | Noticed Grinder
  4273 | D:5      | Found Soxtowokh's Antique Armour Emporium.
  4316 | D:5      | Reached skill level 5 in Spellcasting
  4316 | D:5      | Reached XP level 8. HP: 16/62 MP: 8/15
  4748 | D:6      | Reached skill level 3 in Dodging
  5256 | D:6      | Reached skill level 4 in Dodging
  5856 | D:7      | Reached skill level 5 in Dodging
  5856 | D:7      | Reached XP level 9. HP: 71/71 MP: 10/17
  6007 | D:7      | Found a sand-covered staircase.
  6013 | Ossuary  | Entered an ossuary
  6566 | D:7      | Reached skill level 6 in Dodging
  6665 | D:7      | Found a staircase to the Ecumenical Temple.
  6673 | Temple   | Entered the Ecumenical Temple
  6731 | Temple   | Became a worshipper of Vehumet
  7127 | D:7      | Noticed a vault sentinel
  7127 | D:7      | Noticed a vault sentinel
  7152 | D:7      | Found the +18 shield of the Gong {Loud rN+ Will+ rCorr
                  | EV-5}
  7191 | D:7      | Killed a vault sentinel
  7193 | D:7      | Killed a vault sentinel
  7194 | D:7      | Reached skill level 7 in Dodging
  7319 | D:7      | Reached XP level 10. HP: 80/80 MP: 13/20
  7420 | D:8      | Noticed Prince Ribbit
  7429 | D:8      | Killed Prince Ribbit
  7489 | D:8      | Reached * piety under Vehumet
  7489 | D:8      | Offered knowledge of Sandblast by Vehumet.
  7490 | D:8      | Reached skill level 8 in Dodging
  7558 | D:8      | Identified the +1 flail "Jeublej" {holy, Fly Str+3 Int+5}
  7744 | D:8      | Found a staircase to the Lair.
  8169 | D:8      | Identified the +0 leather armour of Vlad {Fly rN++ rCorr
                  | Str-3}
  8191 | D:8      | Paralysed by a gnoll for 3 turns
  8296 | D:8      | Found a runed translucent gate.
  8296 | D:8      | Found a runed translucent gate.
  8296 | D:8      | Found a runed translucent gate.
  8297 | D:8      | Noticed a ten-headed hydra
  8297 | D:8      | Noticed riellis1's ghost (novice FoFi)
  8363 | D:8      | Reached skill level 10 in Ice Magic
  8609 | D:9      | Found a snail-covered altar of Cheibriados.
  8889 | D:9      | Noticed a centaur warrior
  8897 | D:9      | Killed a centaur warrior
  8907 | D:9      | Reached ** piety under Vehumet
  8907 | D:9      | Offered knowledge of Poisonous Vapours by Vehumet.
  8911 | D:9      | Reached skill level 10 in Fighting
  8911 | D:9      | Reached XP level 11. HP: 86/90 MP: 15/23
  9143 | D:9      | Reached skill level 9 in Dodging
  9597 | D:9      | Reached skill level 10 in Dodging
  9833 | D:10     | Entered Level 10 of the Dungeon
  9879 | D:10     | Offered knowledge of Momentum Strike by Vehumet.
  9994 | D:10     | Reached skill level 11 in Dodging
 10045 | D:10     | Found Rakaa's General Store.
 10053 | D:10     | Bought a scroll of identify for 24 gold pieces
 10053 | D:10     | Bought a scroll of identify for 24 gold pieces
 10053 | D:10     | Bought a scroll of identify for 24 gold pieces
 10054 | D:10     | Identified a scroll of acquirement
 10056 | D:10     | Acquired 749 gold pieces
 10108 | D:10     | Noticed Fannar
 10201 | D:10     | Killed Fannar
 10432 | D:10     | Found Doepnool's Magic Scroll Shoppe.
 10439 | D:10     | Bought a scroll of identify for 28 gold pieces
 10439 | D:10     | Bought a scroll of identify for 28 gold pieces
 10439 | D:10     | Bought a scroll of identify for 28 gold pieces
 10439 | D:10     | Bought a scroll of identify for 28 gold pieces
 10502 | D:10     | Found Okhlure's Distillery.
 10507 | D:10     | Bought 3 potions of heal wounds for 210 gold pieces
 10555 | D:10     | You fall into a shaft and drop 1 floor!
 10751 | D:10     | Found Echus's Assorted Antiques.
 10765 | D:10     | Learned a level 5 spell: Irradiate
 11055 | Lair:1   | Entered Level 1 of the Lair of Beasts
 11100 | Lair:1   | Reached *** piety under Vehumet
 11106 | Lair:1   | Reached skill level 1 in Transmutations
 11111 | Lair:1   | Reached skill level 1 in Conjurations
 11249 | Lair:1   | Reached skill level 12 in Dodging
 11382 | Lair:1   | Reached XP level 12. HP: 47/100 MP: 24/24
 12256 | Lair:2   | Noticed a skyshark
 12266 | Lair:2   | Killed a skyshark
 12274 | Lair:2   | Offered knowledge of Hailstorm by Vehumet.
 12320 | Lair:2   | Learned a level 3 spell: Hailstorm
 12458 | Lair:2   | Reached XP level 13. HP: 107/107 MP: 25/25
 12501 | Lair:2   | Reached skill level 13 in Dodging
 12526 | Lair:2   | Reached skill level 5 in Conjurations
 12993 | Lair:2   | Found a hole to the Spider Nest.
 13445 | Lair:2   | Reached **** piety under Vehumet
 13446 | Lair:2   | Reached skill level 14 in Dodging
 13489 | Lair:2   | Found a staircase to the Swamp.
 14091 | Lair:3   | Offered knowledge of Yara's Violent Unravelling by Vehumet.
 14115 | Lair:3   | Found a transporter.
 14117 | Lair:3   | Found a transporter.
 14846 | Lair:3   | Reached XP level 14. HP: 110/116 MP: 26/26
 14943 | Lair:3   | Reached skill level 15 in Dodging
 15232 | Lair:3   | Reached skill level 15 in Ice Magic
 15232 | Lair:3   | Reached XP level 15. HP: 122/122 MP: 27/27
 15435 | Lair:3   | Noticed eliilek's ghost (journeyman MiFi)
 16062 | Lair:4   | Reached skill level 16 in Dodging
 17087 | Lair:5   | Entered Level 5 of the Lair of Beasts
 17264 | Lair:5   | Found a large runed translucent door.
 17264 | Lair:5   | Found a large runed translucent door.
 17521 | Lair:5   | Reached ***** piety under Vehumet
 17622 | Lair:5   | Offered knowledge of Lee's Rapid Deconstruction by Vehumet.
 17623 | Lair:5   | Reached skill level 17 in Dodging
 18332 | Lair:5   | Acquired a +3 vampiric demon blade
 18475 | Lair:5   | Found a staircase to the Slime Pits.
 18538 | Lair:5   | Reached skill level 1 in Long Blades
 19357 | D:11     | Found a staircase to the Orcish Mines.
 19920 | D:11     | Reached skill level 18 in Dodging
 20427 | Orc:1    | Entered Level 1 of the Orcish Mines
 20666 | Orc:2    | Entered Level 2 of the Orcish Mines
 20744 | Orc:2    | Reached skill level 5 in Long Blades
 20837 | Orc:2    | Found a staircase to the Elven Halls.
 21444 | Orc:2    | Found Meppydak's General Store.
 21444 | Orc:2    | Found Poumiz's Jewellery Shoppe.
 21451 | Orc:2    | Reached XP level 16. HP: 131/134 MP: 24/28
 21853 | Orc:2    | Noticed a walking crystal tome
 21855 | Orc:2    | Found Xigyf's Book Emporium.
 21857 | Orc:2    | Noticed a walking earthen tome
 22417 | Orc:2    | Found Xouvuash's Weapon Boutique.
 22417 | Orc:2    | Found Zoxzuju's Book Shoppe.
 22505 | Orc:1    | Found Vuva's Antique Armour Shoppe.
 22511 | Orc:1    | Found Viruesk's Distillery.
 22555 | Orc:1    | Bought a potion of heal wounds for 65 gold pieces
 22595 | Orc:1    | Offered knowledge of Iskenderun's Mystic Blast by Vehumet.
 22613 | Orc:1    | Gained mutation: You occasionally lose the ability to drink
                  | potions when taking damage. [mutagenic glow]
 23098 | Orc:2    | Bought a potion of curing for 33 gold pieces
 23098 | Orc:2    | Bought a scroll of teleportation for 33 gold pieces
 23098 | Orc:2    | Bought a potion of heal wounds for 55 gold pieces
 23098 | Orc:2    | Bought a potion of heal wounds for 55 gold pieces
 23393 | D:10     | Bought a potion of curing for 42 gold pieces
 23393 | D:10     | Bought a potion of curing for 42 gold pieces
 23393 | D:10     | Bought a potion of haste for 140 gold pieces
 23393 | D:10     | Bought a potion of curing for 42 gold pieces
 23393 | D:10     | Bought a potion of curing for 42 gold pieces
 23393 | D:10     | Bought a potion of haste for 140 gold pieces
 23435 | D:10     | Bought a condenser vane for 1000 gold pieces
 23435 | D:10     | Bought a scroll of enchant weapon for 187 gold pieces
 23494 | D:12     | Noticed Urug
 23525 | D:12     | Noticed a storm dragon
 23526 | D:12     | Noticed Drain's ghost (journeyman HOFi)
 23633 | D:12     | Noticed Kirke
 23649 | D:12     | Killed Kirke
 24025 | D:12     | Found a runed translucent gate.
 24025 | D:12     | Found a runed translucent gate.
 24025 | D:12     | Found a runed translucent gate.
 24116 | D:12     | Noticed Jorgrun
 24154 | D:12     | Killed Jorgrun
 24155 | D:12     | Reached skill level 15 in Fighting
 24753 | D:13     | Reached skill level 10 in Long Blades
 24814 | D:13     | Found a gate to the Vaults.
 25589 | D:13     | Reached ****** piety under Vehumet
 26338 | D:14     | Found Zin's Purification Station.
 26345 | D:14     | Found a glowing silver altar of Zin.
 26732 | D:14     | Offered knowledge of Iskenderun's Battlesphere by Vehumet.
 26912 | D:14     | Reached skill level 1 in Shields
 26921 | D:14     | Found a stormy altar of Qazlal.
 27416 | D:15     | Entered Level 15 of the Dungeon
 27913 | D:15     | Found a staircase to the Depths.
 28073 | D:15     | Reached XP level 17. HP: 138/144 MP: 26/29
 28119 | D:15     | Noticed Josephine
 28129 | D:15     | Killed Josephine
 28497 | D:15     | Noticed Louise
 28505 | D:15     | Killed Louise
 28516 | D:15     | Offered knowledge of Ozocubu's Refrigeration by Vehumet.
 28590 | D:15     | Reached skill level 5 in Shields
 29260 | Swamp:1  | Entered Level 1 of the Swamp
 29977 | Swamp:1  | Learned a level 7 spell: Ozocubu's Refrigeration
 31336 | Swamp:2  | Identified the +8 lajatang "Puteskef" {spect, rF+}
 31867 | Swamp:3  | Offered knowledge of Freezing Cloud by Vehumet.
 31895 | Swamp:3  | Learned a level 5 spell: Freezing Cloud
 32573 | Swamp:4  | Entered Level 4 of the Swamp
 32641 | Swamp:4  | Noticed Nikola
 32641 | Swamp:4  | Noticed Bai Suzhen
 32658 | Swamp:4  | Killed Nikola
 32669 | Swamp:4  | Killed Bai Suzhen
 32670 | Swamp:4  | Engulfed by a cloud of thunder

Illustrated notes

Levels and vault maps discovered:
D:1:      matt_arrival_refuge, layout_basic
D:2:      layout_rooms, basic_altar, uniq_robin
D:3:      layout_rooms
D:4:      layout_basic
D:5:      layout_cave_pods, serial_shops, shop, shop, shop_fountains,
          minmay_misc_feat_doors, uniq_duvessa, uniq_grinder
D:6:      layout_loops_ring, kennysheep_generic_room_5
D:7:      minmay_general_purpose_star, layout_rooms,
          minmay_temple_entry_butterflies, enter_ossuary_2, grunt_ministairs_12,
          hangedman_decor_push, grunt_ogre_cave, hellmonk_guarded_unrand_gong
D:8:      layout_basic, lair_entry_dummy, gammafunk_ghost_hydra_chop,
          st_stairs_6, uniq_prince_ribbit1
D:9:      layout_roguey, cheibrodos_worm_habitat, minmay_alternating_orb
D:10:     layout_irregular_city, serial_shops, nicolae_shop_crystal,
          nicolae_diamond_shop, shop, shop, uniq_fannar
D:11:     layout_irregular_city, orc_0_dummy
D:12:     layout_irregular_city, gammafunk_ghost_split, uniq_urug, uniq_jorgrun,
          uniq_kirke
D:13:     minmay_ice_pillars, layout_basic, david_vaults_4,
          serial_co_window_serial, co_window_corner_a, co_window_paths_a,
          co_window_paths_b, co_window_paths_a, co_window_corner_a,
          co_window_of_opportunity_a, co_window_of_opportunity_a,
          co_window_broadway_c, co_window_broadway_a,
          co_window_of_opportunity_c, co_window_corner_b, co_window_corner_b,
          glass_columns_a, glass_columns_a, glass_columns_c, glass_columns_a
D:14:     layout_irregular_city, grunt_qazlal_clouds, zin_purify
D:15:     gammafunk_enter_depths_forms, layout_layer_cave,
          minmay_tree_intersection, minmay_misc_feat_nine_boxes,
          grunt_ministairs_4, uniq_louise, uniq_josephine
Temple:   nicolae_temple_bog_church
Lair:1:   layout_hall_layers, serial_bayou_shore_b
Lair:2:   layout_roguey, nicolae_swamp_entry_spooky,
          nicolae_spider_entry_tight_spaces, serial_bayou_pond_b
Lair:3:   layout_chaotic_city, nzn_ghost_randoct, serial_bayou,
          serial_bayou_shore_b, serial_bayou_lagoon_b, serial_bayou_pond_e,
          serial_bayou_pond_d, grunt_megastairs_1, lemuel_fruit_tree
Lair:4:   layout_long_grid, serial_bayou_shore_b
Lair:5:   cheibrodos_lair_end_hotspot, layout_hall_layers,
          dpeg_slime_entry_enclosed
Swamp:1:  layout_basic_swamp, serial_swamp_ruin, evilmike_swamp_ruin_house_4,
          evilmike_swamp_ruin_house_3, evilmike_swamp_ruin_rubble_2
Swamp:2:  layout_falls_marsh, evilmike_swamp_ruin_rubble_1, swamp_pool1
Swamp:3:  layout_basic_swamp, evilmike_swamp_ruin_house_5, swamp_pool3
Swamp:4:  swamp, layout_basic_swamp, infiniplex_staircase_pool, uniq_nikola,
          uniq_bai_suzhen
Orc:1:    nicolae_orc_accident_3, layout_caves, serial_shops,
          nicolae_shop_tiny_waterfront, nicolae_shop_tiny_glass,
          nicolae_orc_lost_temple
Orc:2:    st_orc_town, layout_diamond_mine, serial_shops,
          nicolae_shop_mannequins

Skill      XL: |  1  2  3  4  5  6  7  8  9 10 11 12 13 14 15 16 17 |
---------------+----------------------------------------------------+-----
Fighting       | 1 2 3 4 5 6 7 10 11 12 14 15 17 | 17.4
Ice Magic      | 5 6 7 8 9 10 12 13 14 15 16 17 | 17.1
Spellcasting   | 3 4 5 7 8 |  8.0
Dodging        | 5 7 8 12 14 15 18 | 18.0
Transmutations | 2 7 9 11 12 | 12.0
Conjurations   | 1 4 5 6 |  6.0
Long Blades    | 6 12 14 | 14.0
Shields        | 4 6 |  6.0
Stealth        | |  2.1

Action                     |  1- 3 |  4- 6 |  7- 9 | 10-12 | 13-15 | 16-18 || total
---------------------------+-------+-------+-------+-------+-------+-------++-------
  Melee: Unarmed           |    12 |       |       |       |       |       ||    12
         Whip              |    30 |    16 |       |       |       |       ||    46
         Punch             |     1 |     1 |     3 |     2 |    15 |     9 ||    31
         Short sword       |       |    23 |       |       |       |       ||    23
         Dagger            |       |    58 |   169 |   259 |   672 |   209 ||  1367
         Tailslap          |       |       |       |       |     2 |     6 ||     8
         Demon blade       |       |       |       |       |       |   541 ||   541
   Cast: Freeze            |    43 |     7 |     4 |    18 |    30 |     9 ||   111
         Frozen Ramparts   |     2 |    11 |    40 |    49 |   116 |    73 ||   291
         Ozocubu's Armour  |       |     2 |    31 |    28 |    80 |    46 ||   187
         Irradiate         |       |       |       |     1 |    21 |    28 ||    50
         Hailstorm         |       |       |       |       |       |     2 ||     2
         Ozocubu's Refrige |       |       |       |       |       |    60 ||    60
  Evoke: Wand              |       |       |    11 |     7 |       |       ||    18
    Use: Scroll            |       |       |    10 |    23 |     7 |     5 ||    45
         Potion            |       |       |       |     2 |     4 |     4 ||    10
   Stab: Sleeping          |       |     7 |       |     2 |       |     3 ||    12
         Invisible         |       |       |       |     3 |       |       ||     3
         Distracted        |       |       |       |       |       |     1 ||     1
 Armour: Robe              |    16 |    28 |    70 |    86 |   352 |   216 ||   768
  Dodge: Dodged            |    38 |    61 |   135 |   232 |   824 |   628 ||  1918
  Block: Buckler           |       |       |       |       |       |    83 ||    83
         Reflection        |       |       |       |       |       |     2 ||     2
